[Event "Live Chess"]
[Site "Chess.com"]
[Date "2010.12.12"]
[Round "-"]
[White "hipposcottimus"]
[Black "kublitz44"]
[Result "0-1"]
[CurrentPosition "6k1/6pp/R1pp4/2p3p1/2Kpr3/1Pr5/P7/8 w - -"]
[Timezone "UTC"]
[ECO "B51"]
[ECOUrl "https://www.chess.com/openings/Sicilian-Defense-Canal-Attack-3...Nc6"]
[UTCDate "2010.12.12"]
[UTCTime "03:35:21"]
[WhiteElo "1626"]
[BlackElo "1695"]
[TimeControl "60"]
[Termination "kublitz44 won by checkmate"]
[StartTime "03:35:21"]
[EndDate "2010.12.12"]
[EndTime "03:37:07"]
[Link "https://www.chess.com/game/live/76431991"]

1. e4 c5 2. Nf3 Nc6 3. Bb5 d6 4. Bxc6+ bxc6 5. c4 Bg4 6. d3 Nf6 7. Qe2 e5 8. Qe3 Be7 9. Nc3 a6 10. Ng5 Bh5 11. O-O Ng4 12. Qd2 Bxg5 13. Qxg5 Qxg5 14. Bxg5 f6 15. f3 fxg5 16. fxg4 Bxg4 17. Na4 Bd7 18. Nb6 Rd8 19. d4 exd4 20. Rad1 Be6 21. Rd3 Rb8 22. Na4 Bxc4 23. Ra3 Bxf1 24. Kxf1 O-O+ 25. Ke2 Rbe8 26. Kd3 Rf2 27. b3 Rxg2 28. Nb2 Rxh2 29. Nd1 Rh3+ 30. Ne3 Rxe3+ 31. Kc4 R8xe4 32. Rxa6 Rc3# 0-1

[Event "Live Chess"]
[Site "Chess.com"]
[Date "2010.12.12"]
[Round "-"]
[White "VNFox"]
[Black "hipposcottimus"]
[Result "1-0"]
[CurrentPosition "8/r4ppp/4P3/4P1k1/8/3B2P1/1PQ2P1P/5RK1 b - -"]
[Timezone "UTC"]
[ECO "C20"]
[ECOUrl "https://www.chess.com/openings/Kings-Pawn-Opening-Leonardis-Variation"]
[UTCDate "2010.12.12"]
[UTCTime "03:26:33"]
[WhiteElo "1685"]
[BlackElo "1633"]
[TimeControl "60"]
[Termination "VNFox won on time"]
[StartTime "03:26:33"]
[EndDate "2010.12.12"]
[EndTime "03:28:39"]
[Link "https://www.chess.com/game/live/76430356"]

1. e4 e5 2. d3 Nc6 3. Nf3 Nf6 4. Bg5 d5 5. Bxf6 Qxf6 6. Nc3 d4 7. Nd5 Qg6 8. Nxc7+ Kd7 9. Nxa8 b6 10. c3 Ba6 11. cxd4 Bd6 12. d5 Rxa8 13. dxc6+ Kxc6 14. Qc2+ Kd7 15. g3 Rc8 16. Qd2 Qe6 17. Rc1 Rd8 18. Be2 Qxa2 19. O-O Bb4 20. Qc2 Bd6 21. Qc6+ Ke7 22. Ra1 Qe6 23. Rxa6 Qh3 24. Rxa7+ Ke6 25. Qd5+ Kf6 26. Rb7 Be7 27. Qb5 Qe6 28. Rxb6 Qxb6 29. Qxb6+ Rd6 30. Qb4 Re6 31. Qc3 Rd6 32. d4 Ra6 33. Qc4 Ra3 34. dxe5+ Kg6 35. Qc2 Bg5 36. Bd3 Kh6 37. Nxg5 Kxg5 38. e6 Ra7 39. e5 1-0

[Event "Live Chess"]
[Site "Chess.com"]
[Date "2010.12.12"]
[Round "-"]
[White "hipposcottimus"]
[Black "VNFox"]
[Result "1-0"]
[CurrentPosition "2r2k2/r3n1bp/3PQ1p1/4pp2/q7/8/PP3PPP/5RK1 b - -"]
[Timezone "UTC"]
[ECO "C41"]
[ECOUrl "https://www.chess.com/openings/Philidor-Defense-3.Bc4"]
[UTCDate "2010.12.12"]
[UTCTime "03:24:18"]
[WhiteElo "1640"]
[BlackElo "1678"]
[TimeControl "60"]
[Termination "hipposcottimus won on time"]
[StartTime "03:24:18"]
[EndDate "2010.12.12"]
[EndTime "03:26:17"]
[Link "https://www.chess.com/game/live/76429958"]

1. e4 e5 2. Nf3 d6 3. Bc4 Nc6 4. d4 Bg4 5. Qd3 Bxf3 6. Qxf3 Qf6 7. Qd3 Nxd4 8. Be3 c5 9. Bxd4 cxd4 10. Bb5+ Kd8 11. O-O a6 12. Ba4 g6 13. c3 Bg7 14. cxd4 Ne7 15. d5 b5 16. Bb3 Qf4 17. Nc3 f5 18. Nxb5 axb5 19. Qxb5 Qxe4 20. Ba4 Ra7 21. Rac1 Qxa4 22. Qb6+ Ke8 23. Qb8+ Kf7 24. Qxd6 Re8 25. Qe6+ Kf8 26. Rc8 Rxc8 27. d6 1-0

[Event "Live Chess"]
[Site "Chess.com"]
[Date "2010.12.12"]
[Round "-"]
[White "PaperTiger"]
[Black "hipposcottimus"]
[Result "0-1"]
[CurrentPosition "5rk1/pp4pp/5q2/2p2p2/2P5/1Pb1Q1N1/P4PPP/R6K w - -"]
[Timezone "UTC"]
[ECO "C23"]
[ECOUrl "https://www.chess.com/openings/Bishops-Opening-2...Nc6"]
[UTCDate "2010.12.12"]
[UTCTime "03:20:35"]
[WhiteElo "1481"]
[BlackElo "1631"]
[TimeControl "60"]
[Termination "hipposcottimus won on time"]
[StartTime "03:20:35"]
[EndDate "2010.12.12"]
[EndTime "03:22:29"]
[Link "https://www.chess.com/game/live/76429228"]

1. e4 e5 2. Bc4 Nc6 3. c3 Nf6 4. d3 d5 5. exd5 Nxd5 6. Ne2 Bc5 7. O-O Bb6 8. Ng3 O-O 9. Qf3 Be6 10. Nd2 Nf4 11. Nde4 Bxc4 12. dxc4 f5 13. Bxf4 exf4 14. Qxf4 Qe7 15. Nd2 Ne5 16. b3 c5 17. Rfe1 Rae8 18. Kh1 Bc7 19. Nf3 Qf6 20. Nxe5 Rxe5 21. Rxe5 Bxe5 22. Qe3 Bxc3 0-1

[Event "Live Chess"]
[Site "Chess.com"]
[Date "2010.12.12"]
[Round "-"]
[White "hipposcottimus"]
[Black "Zelrome"]
[Result "0-1"]
[CurrentPosition "5Q2/pp3ppk/2p4p/4Nb2/5P2/8/6PP/5q1K w - -"]
[Timezone "UTC"]
[ECO "A06"]
[ECOUrl "https://www.chess.com/openings/Reti-Opening-Tennison-Gambit"]
[UTCDate "2010.12.12"]
[UTCTime "02:47:43"]
[WhiteElo "1626"]
[BlackElo "1800"]
[TimeControl "60"]
[Termination "Zelrome won by checkmate"]
[StartTime "02:47:43"]
[EndDate "2010.12.12"]
[EndTime "02:49:38"]
[Link "https://www.chess.com/game/live/76422835"]

1. e4 d5 2. Nf3 c6 3. Ng5 dxe4 4. Nxe4 Nf6 5. Nbc3 Nd5 6. d3 e5 7. Be2 Bc5 8. O-O Nf6 9. Kh1 Nxe4 10. Nxe4 Bb6 11. Be3 Nd7 12. Bxb6 Nxb6 13. c3 Nd7 14. d4 Nf6 15. Ng3 exd4 16. cxd4 O-O 17. Bc4 Re8 18. Qb3 Be6 19. d5 Nxd5 20. Qf3 Qe7 21. Bd3 Rad8 22. Rad1 Nb4 23. Ne4 Nxd3 24. Rxd3 Rxd3 25. Qxd3 Bf5 26. f3 Rd8 27. Qe3 Be6 28. Qf4 Bxa2 29. Qg3 Be6 30. Ng5 Qb4 31. f4 Bf5 32. Qh4 h6 33. Nf3 Qxb2 34. Qxd8+ Kh7 35. Ne5 Qb5 36. Qf8 Qxf1# 0-1

[Event "Live Chess"]
[Site "Chess.com"]
[Date "2010.12.12"]
[Round "-"]
[White "hipposcottimus"]
[Black "ruachessnut2"]
[Result "1-0"]
[CurrentPosition "r4k2/ppp1p3/3p1p1r/2q2B2/6R1/6Q1/PPP3PP/5R1K b - -"]
[Timezone "UTC"]
[ECO "A41"]
[ECOUrl "https://www.chess.com/openings/Queens-Pawn-Opening-Wade-Defense-3.e4"]
[UTCDate "2010.12.12"]
[UTCTime "01:27:38"]
[WhiteElo "1422"]
[BlackElo "1427"]
[TimeControl "300"]
[Termination "hipposcottimus won on time"]
[StartTime "01:27:38"]
[EndDate "2010.12.12"]
[EndTime "01:37:07"]
[Link "https://www.chess.com/game/live/76406883"]

1. e4 d6 2. Nf3 Bg4 3. d4 Nf6 4. Nc3 Nc6 5. d5 Ne5 6. Be2 Nxf3+ 7. Bxf3 Bd7 8. O-O g6 9. Re1 Bg7 10. Be2 O-O 11. f4 h5 12. f5 gxf5 13. Bxh5 fxe4 14. Nxe4 Bf5 15. Nxf6+ Bxf6 16. Rf1 Bg6 17. Qg4 Kg7 18. Qg3 Be5 19. Bf4 Bxf4 20. Rxf4 Rh8 21. Bg4 Qg8 22. Raf1 f6 23. Bf5 Kf8 24. Bxg6 Rh6 25. Rg4 Qxd5 26. Bf5 Qc5+ 27. Kh1 1-0

[Event "Live Chess"]
[Site "Chess.com"]
[Date "2010.12.12"]
[Round "-"]
[White "jodysangel"]
[Black "hipposcottimus"]
[Result "1-0"]
[CurrentPosition "R7/pp1b2kp/2n2p2/2pB1p2/8/3P4/PPP2PPP/2K4R b - -"]
[Timezone "UTC"]
[ECO "C26"]
[ECOUrl "https://www.chess.com/openings/Vienna-Game-Falkbeer-Stanley-Variation"]
[UTCDate "2010.12.12"]
[UTCTime "01:16:43"]
[WhiteElo "1290"]
[BlackElo "1422"]
[TimeControl "600"]
[Termination "jodysangel won on time"]
[StartTime "01:16:43"]
[EndDate "2010.12.12"]
[EndTime "01:26:50"]
[Link "https://www.chess.com/game/live/76403403"]

1. e4 e5 2. Nc3 Nf6 3. Bc4 c5 4. Nf3 Nc6 5. Nd5 Nxe4 6. Qe2 f5 7. d3 Nf6 8. Bg5 Be7 9. Nxe5 O-O 10. Nxe7+ Kh8 11. Nf7+ Rxf7 12. Bxf7 Nxe7 13. Bxf6 gxf6 14. O-O-O d5 15. Rde1 Nc6 16. Qe8+ Qxe8 17. Rxe8+ Kg7 18. Bxd5 Bd7 19. Rxa8 1-0

[Event "Live Chess"]
[Site "Chess.com"]
[Date "2010.12.11"]
[Round "-"]
[White "hipposcottimus"]
[Black "ayman_ss"]
[Result "0-1"]
[CurrentPosition "4r3/pp2P3/2pk1b2/7p/1P6/P4P2/6PP/4R1K1 w - -"]
[Timezone "UTC"]
[ECO "C50"]
[ECOUrl "https://www.chess.com/openings/Italian-Game-Blackburne-Shilling-Gambit"]
[UTCDate "2010.12.11"]
[UTCTime "02:00:48"]
[WhiteElo "1626"]
[BlackElo "1573"]
[TimeControl "60"]
[Termination "ayman_ss won on time"]
[StartTime "02:00:48"]
[EndDate "2010.12.11"]
[EndTime "02:02:44"]
[Link "https://www.chess.com/game/live/76090237"]

1. e4 e5 2. Nf3 Nc6 3. Bc4 Nd4 4. Nxd4 exd4 5. Qf3 Qe7 6. d3 c6 7. c3 d5 8. Bb3 dxc3 9. Nxc3 dxe4 10. Nxe4 Nf6 11. O-O Nxe4 12. dxe4 Be6 13. Bc2 O-O-O 14. e5 h5 15. a3 g5 16. b4 f5 17. Bxf5 Bxf5 18. Qxf5+ Kb8 19. e6 Bg7 20. Bxg5 Rdf8 21. Bxe7 Rxf5 22. Rae1 Re8 23. Bd6+ Kc8 24. e7 Bf6 25. Re6 Kd7 26. Rfe1 Rd5 27. f3 Rxd6 28. Rxd6+ Kxd6 0-1

[Event "Live Chess"]
[Site "Chess.com"]
[Date "2010.12.11"]
[Round "-"]
[White "CryingWolf"]
[Black "hipposcottimus"]
[Result "1-0"]
[CurrentPosition "2r2k2/4q1pQ/2pbP3/p3p3/1p6/2NPB3/PPP2PP1/1K1R3R w - -"]
[Timezone "UTC"]
[ECO "C57"]
[ECOUrl "https://www.chess.com/openings/Italian-Game-Knight-Attack-Polerio-Defense"]
[UTCDate "2010.12.11"]
[UTCTime "01:58:11"]
[WhiteElo "1555"]
[BlackElo "1635"]
[TimeControl "60"]
[Termination "CryingWolf won by resignation"]
[StartTime "01:58:11"]
[EndDate "2010.12.11"]
[EndTime "01:59:58"]
[Link "https://www.chess.com/game/live/76089709"]

1. e4 e5 2. Nf3 Nc6 3. Bc4 Nf6 4. Ng5 d5 5. exd5 Na5 6. Qe2 Nxc4 7. Qxc4 Bd6 8. Nc3 O-O 9. d3 Ng4 10. h3 f6 11. Ne6 Bxe6 12. dxe6 Qe7 13. hxg4 f5 14. gxf5 Rxf5 15. Be3 a5 16. O-O-O c6 17. Kb1 Rc8 18. Qg4 b5 19. Qxf5 b4 20. Qxh7+ Kf8 1-0

[Event "Live Chess"]
[Site "Chess.com"]
[Date "2010.12.11"]
[Round "-"]
[White "karpovjunior"]
[Black "hipposcottimus"]
[Result "0-1"]
[CurrentPosition "8/pp6/1P6/P7/6k1/5p2/4q3/4K3 w - -"]
[Timezone "UTC"]
[ECO "A01"]
[ECOUrl "https://www.chess.com/openings/Nimzowitsch-Larsen-Attack-Modern-Variation"]
[UTCDate "2010.12.11"]
[UTCTime "01:53:51"]
[WhiteElo "1352"]
[BlackElo "1644"]
[TimeControl "60"]
[Termination "hipposcottimus won by checkmate"]
[StartTime "01:53:51"]
[EndDate "2010.12.11"]
[EndTime "01:56:05"]
[Link "https://www.chess.com/game/live/76088793"]

1. b3 e5 2. f3 d5 3. Nh3 Bxh3 4. gxh3 Bd6 5. e4 Qe7 6. exd5 Nf6 7. Qe2 c6 8. Ba3 Bxa3 9. Nxa3 Qxa3 10. Qxe5+ Qe7 11. f4 cxd5 12. Qxe7+ Kxe7 13. Bb5 Re8 14. Bxe8 Kxe8 15. f5 Kf8 16. Rf1 Nc6 17. d3 Re8+ 18. Kd1 d4 19. c3 Rd8 20. cxd4 Rxd4 21. Rc1 Rxd3+ 22. Kc2 Rxh3 23. Rcd1 Rxh2+ 24. Kc1 Nb4 25. Rd8+ Ne8 26. Re1 Rc2+ 27. Kb1 g6 28. Rexe8+ Kg7 29. Rg8+ Kh6 30. Rxg6+ fxg6 31. Rd2 gxf5 32. Rxc2 Nxc2 33. Kxc2 f4 34. b4 Kg5 35. Kd2 Kg4 36. Ke2 f3+ 37. Kf2 h5 38. b5 h4 39. a3 h3 40. a4 h2 41. a5 h1=Q 42. b6 Qg2+ 43. Ke1 Qe2# 0-1

[Event "Live Chess"]
[Site "Chess.com"]
[Date "2010.12.11"]
[Round "-"]
[White "downtown_chess"]
[Black "hipposcottimus"]
[Result "1-0"]
[CurrentPosition "r1bqkb1r/pp3ppp/8/1B1n4/4N3/P1N1P2P/1P3PP1/R2Q1RK1 b - -"]
[Timezone "UTC"]
[ECO "D02"]
[ECOUrl "https://www.chess.com/openings/Queens-Pawn-Opening-Zukertort-Variation-2...c6"]
[UTCDate "2010.12.11"]
[UTCTime "01:52:20"]
[WhiteElo "1541"]
[BlackElo "1641"]
[TimeControl "120"]
[Termination "downtown_chess won by resignation"]
[StartTime "01:52:20"]
[EndDate "2010.12.11"]
[EndTime "01:53:15"]
[Link "https://www.chess.com/game/live/76088507"]

1. d4 d5 2. Nf3 c6 3. h3 Nd7 4. a3 Ngf6 5. Bg5 Ne4 6. e3 Nxg5 7. Nxg5 e5 8. Nf3 e4 9. Nfd2 c5 10. c4 cxd4 11. cxd5 d3 12. Nxe4 Nb6 13. Bxd3 Nxd5 14. O-O Ke7 15. Nbc3 Ke8 16. Bb5+ 1-0

[Event "Live Chess"]
[Site "Chess.com"]
[Date "2010.12.11"]
[Round "-"]
[White "hipposcottimus"]
[Black "GodelIncompleteness"]
[Result "1-0"]
[CurrentPosition "4k3/6pp/p2p4/2p4B/3n1P2/p5P1/PP3K1P/8 b - -"]
[Timezone "UTC"]
[ECO "B40"]
[ECOUrl "https://www.chess.com/openings/Sicilian-Defense-French-Variation"]
[UTCDate "2010.12.11"]
[UTCTime "01:45:06"]
[WhiteElo "1651"]
[BlackElo "1679"]
[TimeControl "60"]
[Termination "hipposcottimus won on time"]
[StartTime "01:45:06"]
[EndDate "2010.12.11"]
[EndTime "01:47:19"]
[Link "https://www.chess.com/game/live/76086949"]

1. e4 c5 2. Nf3 e6 3. Bb5 a6 4. Be2 b5 5. d4 Bb7 6. d5 d6 7. dxe6 fxe6 8. Bg5 Be7 9. Qd2 Bxg5 10. Nxg5 Nf6 11. Nxe6 Qe7 12. Bg4 Bxe4 13. O-O Nc6 14. Bh3 Nb4 15. Re1 Bd5 16. Na3 Bxe6 17. Rxe6 Ne4 18. Rxe7+ Kxe7 19. Qe3 Rae8 20. Qxe4+ Kd8 21. Qa8+ Ke7 22. Re1+ Kf7 23. Rxe8 Rxe8 24. Qf3+ Kg8 25. g3 Re1+ 26. Kg2 Nxc2 27. Qa8+ Kf7 28. f3 Re2+ 29. Kf1 Re8 30. Kf2 Nd4 31. Qxe8+ Kxe8 32. f4 b4 33. Bg4 bxa3 34. Bh5+ 1-0

[Event "Live Chess"]
[Site "Chess.com"]
[Date "2010.12.11"]
[Round "-"]
[White "ChessNut71"]
[Black "hipposcottimus"]
[Result "1-0"]
[CurrentPosition "r1b2N1k/ppp1b1p1/2n4p/2P2p2/2B1p3/P6P/1P3PP1/R1BN1RK1 b - -"]
[Timezone "UTC"]
[ECO "C47"]
[ECOUrl "https://www.chess.com/openings/Four-Knights-Game"]
[UTCDate "2010.12.11"]
[UTCTime "01:40:15"]
[WhiteElo "1531"]
[BlackElo "1651"]
[TimeControl "60"]
[Termination "ChessNut71 won by resignation"]
[StartTime "01:40:15"]
[EndDate "2010.12.11"]
[EndTime "01:40:58"]
[Link "https://www.chess.com/game/live/76085931"]

1. e4 e5 2. Nf3 Nc6 3. Nc3 Nf6 4. d3 d5 5. h3 dxe4 6. dxe4 Qxd1+ 7. Nxd1 Nxe4 8. Be2 Nd6 9. O-O Be7 10. a3 O-O 11. c4 f5 12. c5 Ne4 13. Bd3 Ng5 14. Nxg5 e4 15. Bc4+ Kh8 16. Ne6 h6 17. Nxf8 1-0

[Event "Live Chess"]
[Site "Chess.com"]
[Date "2010.12.11"]
[Round "-"]
[White "hipposcottimus"]
[Black "ChessNut71"]
[Result "0-1"]
[CurrentPosition "6k1/p1p2pp1/6Pp/8/2p5/1P4R1/P1P3PK/R1r4r w - -"]
[Timezone "UTC"]
[ECO "C41"]
[ECOUrl "https://www.chess.com/openings/Philidor-Defense-3.Bc4-Nf6"]
[UTCDate "2010.12.11"]
[UTCTime "01:37:36"]
[WhiteElo "1661"]
[BlackElo "1519"]
[TimeControl "60"]
[Termination "ChessNut71 won by checkmate"]
[StartTime "01:37:36"]
[EndDate "2010.12.11"]
[EndTime "01:38:44"]
[Link "https://www.chess.com/game/live/76085338"]

1. e4 e5 2. Nf3 d6 3. Bc4 Nf6 4. d4 exd4 5. Nxd4 Be7 6. Nc3 O-O 7. f4 h6 8. O-O b5 9. e5 bxc4 10. exf6 Bxf6 11. Nf3 d5 12. Nxd5 Nc6 13. Nxf6+ Qxf6 14. f5 Bxf5 15. Qe2 Bg4 16. Qf2 Bxf3 17. Qxf3 Qxf3 18. Rxf3 Ne5 19. Rh3 Ng6 20. Rg3 Rfe8 21. h4 Rad8 22. Kh2 Rd1 23. b3 Ree1 24. h5 Rxc1 25. hxg6 Rh1# 0-1

[Event "Live Chess"]
[Site "Chess.com"]
[Date "2010.12.11"]
[Round "-"]
[White "luisetemadrid"]
[Black "hipposcottimus"]
[Result "1-0"]
[CurrentPosition "1kQ5/pp5p/5q1p/3p1B1b/3P4/P6P/1P4P1/2R3K1 b - -"]
[Timezone "UTC"]
[ECO "D10"]
[ECOUrl "https://www.chess.com/openings/Slav-Defense-3.Nc3"]
[UTCDate "2010.12.11"]
[UTCTime "00:58:42"]
[WhiteElo "1692"]
[BlackElo "1672"]
[TimeControl "60"]
[Termination "luisetemadrid won by checkmate"]
[StartTime "00:58:42"]
[EndDate "2010.12.11"]
[EndTime "01:00:50"]
[Link "https://www.chess.com/game/live/76076925"]

1. d4 d5 2. c4 c6 3. Nc3 Nd7 4. Nf3 e6 5. e4 Ngf6 6. e5 Ng4 7. h3 Nh6 8. Bxh6 gxh6 9. Qd2 Qa5 10. cxd5 Bb4 11. dxe6 fxe6 12. Bd3 Nb6 13. Rc1 Nd5 14. O-O Bd7 15. Qc2 O-O-O 16. Nxd5 exd5 17. a3 Be7 18. Rfe1 Qc7 19. e6 Be8 20. Ne5 Bf6 21. f4 Bxe5 22. Rxe5 Bg6 23. f5 Bh5 24. f6 Rd6 25. Bf5 c5 26. e7+ Kb8 27. e8=Q+ Rxe8 28. Rxe8+ Rd8 29. Rxd8+ Qxd8 30. Qxc5 Qxf6 31. Qc8# 1-0

[Event "Live Chess"]
[Site "Chess.com"]
[Date "2010.12.11"]
[Round "-"]
[White "hipposcottimus"]
[Black "luisetemadrid"]
[Result "1-0"]
[CurrentPosition "r4rk1/3p1ppQ/p3p3/2pb3p/5q2/8/PPB2P1P/3RR1K1 b - -"]
[Timezone "UTC"]
[ECO "B20"]
[ECOUrl "https://www.chess.com/openings/Sicilian-Defense"]
[UTCDate "2010.12.11"]
[UTCTime "00:56:45"]
[WhiteElo "1680"]
[BlackElo "1667"]
[TimeControl "60"]
[Termination "hipposcottimus won by checkmate"]
[StartTime "00:56:45"]
[EndDate "2010.12.11"]
[EndTime "00:58:13"]
[Link "https://www.chess.com/game/live/76076519"]

1. e4 c5 2. Bb5 e6 3. Nf3 a6 4. Be2 b5 5. d4 Bb7 6. d5 Nf6 7. e5 Nxd5 8. O-O Nc6 9. c4 bxc4 10. Bxc4 Nb6 11. Bb3 Qc7 12. Bc2 Nxe5 13. Nc3 Nxf3+ 14. gxf3 Bd6 15. f4 Bxf4 16. Bxf4 Qxf4 17. Qd3 h5 18. Rad1 Nd5 19. Nxd5 Bxd5 20. Rfe1 O-O 21. Qh7# 1-0

[Event "Live Chess"]
[Site "Chess.com"]
[Date "2010.12.11"]
[Round "-"]
[White "hipposcottimus"]
[Black "sailing"]
[Result "1-0"]
[CurrentPosition "5r2/p4Qbk/8/7R/8/4P3/PPP3PP/RN4K1 b - -"]
[Timezone "UTC"]
[ECO "C41"]
[ECOUrl "https://www.chess.com/openings/Philidor-Defense-3.d4-Bg4"]
[UTCDate "2010.12.11"]
[UTCTime "00:52:15"]
[WhiteElo "1672"]
[BlackElo "1531"]
[TimeControl "60"]
[Termination "hipposcottimus won by checkmate"]
[StartTime "00:52:15"]
[EndDate "2010.12.11"]
[EndTime "00:54:10"]
[Link "https://www.chess.com/game/live/76075539"]

1. e4 e5 2. Nf3 d6 3. d4 Bg4 4. Qd3 Bxf3 5. Qxf3 exd4 6. Bc4 Qf6 7. Qb3 Nc6 8. Qxb7 Rd8 9. Qxc6+ Rd7 10. Qa8+ Rd8 11. Bb5+ Ke7 12. Qc6 Qe6 13. Qxc7+ Rd7 14. Bxd7 Qxe4+ 15. Be3 dxe3 16. Bc6+ Kf6 17. Bxe4 Ne7 18. fxe3 g6 19. O-O+ Kg7 20. Qxd6 Kg8 21. Qe5 h5 22. Qc3 Bg7 23. Qc4 Kh7 24. Qxf7 Nf5 25. Bxf5 gxf5 26. Rxf5 Rf8 27. Rxh5# 1-0

[Event "Live Chess"]
[Site "Chess.com"]
[Date "2010.12.11"]
[Round "-"]
[White "leonardodavinci1964"]
[Black "hipposcottimus"]
[Result "0-1"]
[CurrentPosition "r5k1/ppp3pp/2nb2r1/4p3/2P5/1P5b/P2NB1qN/R2Q1R1K w - -"]
[Timezone "UTC"]
[ECO "C44"]
[ECOUrl "https://www.chess.com/openings/Kings-Pawn-Opening-Kings-Knight-Variation-2...Nc6-3.d3-Nf6"]
[UTCDate "2010.12.11"]
[UTCTime "00:49:30"]
[WhiteElo "1484"]
[BlackElo "1667"]
[TimeControl "60"]
[Termination "hipposcottimus won by checkmate"]
[StartTime "00:49:30"]
[EndDate "2010.12.11"]
[EndTime "00:50:34"]
[Link "https://www.chess.com/game/live/76074966"]

1. e4 e5 2. Nf3 Nc6 3. d3 Nf6 4. c3 d5 5. Bg5 dxe4 6. Bxf6 Qxf6 7. dxe4 Bd6 8. Be2 Bg4 9. O-O O-O 10. Nbd2 Be6 11. Qc2 Qf4 12. b3 f5 13. exf5 Bxf5 14. Qd1 Rf6 15. c4 Rg6 16. h3 Bxh3 17. Nh2 Bxg2 18. Re1 Bh3+ 19. Kh1 Qxf2 20. Rf1 Qg2# 0-1

[Event "Live Chess"]
[Site "Chess.com"]
[Date "2010.12.11"]
[Round "-"]
[White "my2groovyshoes"]
[Black "hipposcottimus"]
[Result "0-1"]
[CurrentPosition "8/6k1/R7/7R/1p6/3P3K/PP5P/8 w - -"]
[Timezone "UTC"]
[ECO "C20"]
[ECOUrl "https://www.chess.com/openings/Kings-Pawn-Opening-Napoleon-Attack"]
[UTCDate "2010.12.11"]
[UTCTime "00:44:20"]
[WhiteElo "1562"]
[BlackElo "1663"]
[TimeControl "60"]
[Termination "hipposcottimus won on time"]
[StartTime "00:44:20"]
[EndDate "2010.12.11"]
[EndTime "00:46:36"]
[Link "https://www.chess.com/game/live/76073903"]

1. e4 e5 2. Qf3 Nc6 3. Bc4 Nf6 4. c3 Nd4 5. cxd4 d5 6. Bxd5 Bg4 7. Qg3 Nxd5 8. Qxe5+ Ne7 9. d5 Bd7 10. Nc3 f6 11. Qd4 Ng6 12. d3 c5 13. Qe3 Bd6 14. f3 O-O 15. Nh3 Re8 16. Nf4 f5 17. Nxg6 hxg6 18. Qf4 fxe4 19. Qxd6 exf3+ 20. Kf2 fxg2 21. Kxg2 Qg5+ 22. Bxg5 Re2+ 23. Kg3 Bh3 24. Nxe2 Rd8 25. Qe7 Re8 26. Kxh3 Rxe7 27. Bxe7 Kf7 28. Rhf1+ Kxe7 29. Rae1 Kd6 30. Nd4 Kxd5 31. Re6 cxd4 32. Rxg6 Kc5 33. Rf5+ Kb4 34. Rg4 b5 35. Rxd4+ Ka5 36. Rg4 Kb6 37. Rf7 Ka5 38. Rg6 Kb4 39. Rgxg7 Kc5 40. Rf4 Kd5 41. Rg5+ Ke6 42. Rff5 a6 43. Rh5 a5 44. Rfg5 b4 45. Rxa5 Kf7 46. Ra6 Kg7 0-1

[Event "Live Chess"]
[Site "Chess.com"]
[Date "2010.12.11"]
[Round "-"]
[White "hipposcottimus"]
[Black "my2groovyshoes"]
[Result "0-1"]
[CurrentPosition "6k1/p4ppp/1p6/4P3/5P2/PP1r1KP1/2q4P/8 w - -"]
[Timezone "UTC"]
[ECO "C40"]
[ECOUrl "https://www.chess.com/openings/Kings-Pawn-Opening-Kings-Knight-McConnell-Defense-3.Bc4"]
[UTCDate "2010.12.11"]
[UTCTime "00:41:41"]
[WhiteElo "1657"]
[BlackElo "1568"]
[TimeControl "60"]
[Termination "my2groovyshoes won on time"]
[StartTime "00:41:41"]
[EndDate "2010.12.11"]
[EndTime "00:43:53"]
[Link "https://www.chess.com/game/live/76073296"]

1. e4 e5 2. Nf3 Qf6 3. Bc4 Bc5 4. Nc3 Nc6 5. Nd5 Qd6 6. d4 Nxd4 7. Nxd4 exd4 8. O-O Ne7 9. Re1 Nxd5 10. e5 Qc6 11. c3 O-O 12. cxd4 Bb4 13. Re2 Qxc4 14. a3 Be7 15. b3 Qc6 16. Bf4 Nc3 17. Qe1 Nxe2+ 18. Qxe2 Qc3 19. Rc1 Qb2 20. Rxc7 Qxe2 21. g3 Qe1+ 22. Kg2 d6 23. Be3 dxe5 24. dxe5 Bd6 25. Rc1 Qa5 26. Rd1 Qb5 27. Rxd6 b6 28. Rd2 Bb7+ 29. f3 Rfe8 30. Kf2 Qc6 31. f4 Qf3+ 32. Ke1 Qh1+ 33. Ke2 Bf3+ 34. Kd3 Be4+ 35. Ke2 Rad8 36. Rxd8 Rxd8 37. Bd2 Qg2+ 38. Ke3 Qxd2+ 39. Kxe4 Qc2+ 40. Kf3 Rd3+ 0-1

[Event "Live Chess"]
[Site "Chess.com"]
[Date "2010.12.11"]
[Round "-"]
[White "hipposcottimus"]
[Black "mtsdfghjkl"]
[Result "1-0"]
[CurrentPosition "2N1R3/2P2kbp/8/1p6/p4p2/2N5/PPB3PP/6K1 b - -"]
[Timezone "UTC"]
[ECO "C40"]
[ECOUrl "https://www.chess.com/openings/Kings-Pawn-Opening-Kings-Knight-Damiano-Defense"]
[UTCDate "2010.12.11"]
[UTCTime "00:38:43"]
[WhiteElo "1666"]
[BlackElo "1343"]
[TimeControl "60"]
[Termination "hipposcottimus won on time"]
[StartTime "00:38:43"]
[EndDate "2010.12.11"]
[EndTime "00:40:47"]
[Link "https://www.chess.com/game/live/76072610"]

1. e4 e5 2. Nf3 f6 3. Bc4 a6 4. d4 c6 5. Bb3 d6 6. dxe5 dxe5 7. Qxd8+ Kxd8 8. c4 Nd7 9. c5 Ne7 10. Be3 g6 11. O-O Bg7 12. Nfd2 b5 13. Nc3 a5 14. f4 a4 15. Bc2 Bb7 16. fxe5 fxe5 17. Nf3 Bh6 18. Bf2 g5 19. Bg3 Ng6 20. Rfd1 Nf4 21. Nxe5 Bc8 22. Nxc6+ Ke8 23. e5 Nxe5 24. Nxe5 Rb8 25. c6 Rb6 26. Bxf4 gxf4 27. Re1 Kf8 28. Nd7+ Kf7 29. Nxb6 Re8 30. Nd7 Rxe1+ 31. Rxe1 Kg7 32. Nb6 Kg8 33. Nxc8 Bg7 34. Re8+ Kf7 35. c7 1-0